AoeStats
← Fireworks

Lombardia

507815386Analyzed
4v4 RM · 14d ago on Sep 19, 2026· 39m 5s· 8 players
Game mode
Random Map
Map size
Large (8 player)
Population
200
Speed
Normal
Resources
Standard
Victory
Conquest
Starting age
Dark Age
Ending age
Imperial Age
RankedLock teamsTeams togetherTeam positionsShared explorationLock speedFull tech treeHidden civsTurbo modeCheats
Victory
Defeat
🇺🇸 Khmer · United States
1368
+20
🇲🇽 Persians · Mexico
1367
+20
🇩🇪 Magyars · Germany
1342
+21
🇬🇧 Japanese · United Kingdom
1323
+22
🇨🇳 Khitans · China
1531
-23
🇨🇳 Mongols · China
1484
-22
🇨🇳 Shu · China
1460
-21
🇨🇳 Hindustanis · China
1372
-17
smithy10w
5:11 Loom
11:10 Feudal Age
11:53 Double-Bit Axe
11:49 Horse Collar
13:02 Fletching
14:42 Forging
14:33 Padded Archer Armor
15:27 Wheelbarrow
26:27 Castle Age
25:04 Gold Mining
25:05 Stone Mining
28:03 Bodkin Arrow
34:48 Hand Cart
34:19 Town Watch
38:02 Ballistics
37:43 Guard Tower
Lancelot
8:31 Loom
10:16 Feudal Age
11:15 Double-Bit Axe
11:22 Horse Collar
13:40 Scale Barding Armor
24:17 Castle Age
22:33 Gold Mining
23:22 Forging
23:24 Bloodlines
24:56 Bow Saw
24:47 Heavy Plow
25:15 Husbandry
28:01 Wheelbarrow
29:57 Chain Barding Armor
31:37 Hand Cart
36:02 Imperial Age
35:11 Iron Casting
36:42 Conscription
36:58 Plate Barding Armor
35:45 Cavalier
38:14 Blast Furnace
39:13 Two-Man Saw
38:46 Crop Rotation
GamerDad
3:57 Loom
11:18 Feudal Age
12:18 Double-Bit Axe
17:04 Castle Age
15:43 Town Watch
15:50 Horse Collar
17:00 Bloodlines
21:41 Husbandry
26:14 Scale Barding Armor
28:16 Chain Barding Armor
29:49 Wheelbarrow
30:49 Hand Cart
37:57 Imperial Age
36:15 Scale Mail Armor
36:55 Pikeman
38:09 Halberdier
Maverick
11:32 Feudal Age
12:09 Loom
14:34 Castle Age
12:59 Double-Bit Axe
16:37 Husbandry
17:15 Scale Barding Armor
17:01 Loom
25:18 Bloodlines
24:39 Light Cavalry
29:13 Horse Collar
30:56 Wheelbarrow
32:19 Padded Archer Armor
32:10 Fletching
33:55 Ballistics
34:19 Bodkin Arrow
36:16 Leather Archer Armor
40:30 Imperial Age
Fireworks
8:20 Feudal Age
13:16 Forging
13:51 Scale Barding Armor
21:15 Loom
24:20 Castle Age
22:29 Double-Bit Axe
22:24 Domestication
25:23 Chain Barding Armor
24:27 Light Cavalry
25:45 Iron Casting
25:46 Husbandry
27:36 Wheelbarrow
34:45 Hand Cart
93老玩家回归
10:07 Feudal Age
12:30 Double-Bit Axe
12:56 Horse Collar
16:27 Castle Age
17:35 Wheelbarrow
19:22 Bow Saw
26:37 Loom
29:17 Gold Mining
32:07 Imperial Age
29:33 Stone Mining
30:04 Masonry
30:46 Gold Shaft Mining
31:02 Hand Cart
32:06 Husbandry
32:16 Bloodlines
32:33 Scale Barding Armor
32:39 Forging
32:19 Fletching
32:30 Padded Archer Armor
32:26 Heavy Camel Rider
33:33 Conscription
34:18 Chemistry
33:22 Heavy Plow
34:01 Stone Shaft Mining
33:50 Chain Barding Armor
36:00 Iron Casting
35:22 Bodkin Arrow
35:11 Imperial Camel Rider
37:24 Plate Barding Armor
06老玩家回归
6:33 Loom
8:37 Feudal Age
9:26 Double-Bit Axe
13:49 Fletching
17:53 Horse Collar
23:32 Castle Age
22:59 Gold Mining
23:41 Crossbowman
24:45 Bow Saw
24:59 Thumb Ring
25:13 Bodkin Arrow
25:20 Padded Archer Armor
26:47 Wheelbarrow
28:26 Ballistics
28:09 Stone Mining
30:40 Hand Cart
40:03 Imperial Age
37:49 Heavy Plow
赶脚的柠檬头
10:24 Feudal Age
14:37 Castle Age
12:49 Double-Bit Axe
13:22 Horse Collar
15:22 Fletching
21:29 Bow Saw
22:05 Bodkin Arrow
23:52 Loom
25:10 Wheelbarrow
25:16 Gold Mining
25:26 Stone Mining
26:07 Padded Archer Armor
27:18 Gold Shaft Mining
31:48 Imperial Age
29:07 Town Watch
29:36 Bloodlines
30:20 Husbandry
30:38 Leather Archer Armor
31:07 Ballistics
32:28 Elite Mangudai
34:13 Conscription
33:54 Bracer
35:03 Chemistry
36:50 Hand Cart
36:45 Thumb Ring
37:12 Parthian Tactics
38:39 Stone Shaft Mining
38:07 Town Patrol
Connection lost

Rejoining the realm…

Still unreachable

The connection could not be restored.

Session expired

The server has moved on; the page needs a fresh start.